 Dungeon Crawl Stone Soup version 0.25.1-2-g60ff931df9 (webtiles) character file.

Game seed: 8301624818746564567

10670 Johnny the Spear-Bearer (level 11, -10/101 HPs)
             Began as a Demigod Gladiator on Aug 16, 2020.
             Collided with a metal wall (12 damage)
             ... caused by a wretched star
             ... on level 1 of the Abyss.
             The game lasted 00:13:07 (9195 turns).

Johnny the Spear-Bearer (Demigod Gladiator)         Turns: 9195, Time: 00:13:08

Health: -10/101    AC: 18    Str: 23    XL:     11   Next: 16%
Magic:  14/14      EV: 12    Int: 12    God:
Gold:   851        SH:  0    Dex: 17    Spells: 10/10 levels left

rFire    . . .     SeeInvis .   a - +0 trident
rCold    . . .     Gourm    .   (no shield)
rNeg     . . .     Faith    .   d - +0 swamp dragon scales
rPois    +         Spirit   .   c - +0 helmet
rElec    .         Reflect  .   E - +2 cloak
rCorr    +         Harm     .   e - +0 pair of gloves
MR       +....     Rnd*Rage +   h - +0 pair of boots
Stlth    +.........             n - amulet of regeneration
HPRegen  0.00/turn              v - +4 ring of protection
MPRegen  0.14/turn              w - ring of resist corrosion

@: no status effects
A: rugged brown scales 1, [berserk 1], high mp 1, [inhibited regeneration]
a: no special abilities


You were on level 1 of the Abyss.
You were very full.

You visited 1 branch of the dungeon, and saw 11 of its levels.
You visited the Abyss 1 time.
You also visited: Sewer.

You collected 851 gold pieces.

Inventory:

Hand Weapons
 a - a +0 trident (weapon)
Armour
 b - a scarf of invisibility
 c - a +0 helmet (worn)
 d - +0 swamp dragon scales (worn)
 e - a +0 pair of gloves (worn)
 h - a +0 pair of boots (worn)
 A - +0 steam dragon scales
 E - a +2 cloak (worn)
Jewellery
 m - an uncursed ring of protection from cold
 n - an amulet of regeneration (around neck)
 t - an uncursed ring of poison resistance {unknown}
 v - a +4 ring of protection (left hand)
 w - a ring of resist corrosion (right hand)
 F - an uncursed ring of protection from cold
 L - a cursed -4 ring of evasion {unknown}
 P - an uncursed ring of wizardry {unknown}
Wands
 C - a wand of digging (3)
 J - a wand of random effects (48)
 N - a wand of polymorph (3)
 T - a wand of iceblast (9)
Scrolls
 j - 4 scrolls of fog
 k - 7 scrolls of remove curse
 l - 2 scrolls of teleportation
 s - 4 scrolls of blinking
 x - 5 scrolls of enchant armour
 y - 2 scrolls of magic mapping
 z - 2 scrolls of amnesia
 I - a scroll of vulnerability
 O - a scroll of immolation {unknown}
 S - a scroll of identify
 U - 3 scrolls of fear
Potions
 i - 6 potions of brilliance
 o - a potion of heal wounds
 p - 6 potions of curing
 q - 2 potions of resistance
 r - 3 potions of degeneration
 u - 2 potions of invisibility
 B - a potion of lignification
 D - 3 potions of flight
 G - a potion of mutation {unknown}
 H - a potion of cancellation {unknown}
 K - a potion of haste {unknown}
 M - 3 potions of might {unknown}
 Q - a potion of magic {unknown}
Comestibles
 f - 23 rations


   Skills:
 + Level 9.8 Fighting
 * Level 13.4 Polearms
 - Level 1.7 Throwing
 - Level 2.6 Dodging


You had 10 spell levels left.
You didn't know any spells.
Your spell library contained the following spells:

 Spells                   Type           Power        Failure   Level  Hunger
 Animate Skeleton         Necr           N/A          47%         1    ##.....
 Beastly Appendage        Tmut           #.....       47%         1    ##.....
 Corona                   Hex            #......      47%         1    ##.....
 Infusion                 Chrm           #...         47%         1    ##.....
 Sandblast                Erth           #.....       47%         1    ##.....
 Corpse Rot               Necr/Air       N/A          63%         2    ###....
 Ensorcelled Hibernation  Hex/Ice        #.....       63%         2    ###....
 Shroud of Golubria       Chrm/Tloc      #.....       63%         2    ###....
 Song of Slaying          Chrm           #.......     63%         2    ###....
 Sticks to Snakes         Tmut           #.......     63%         2    ###....
 Confusing Touch          Hex            #.......     85%         3    ####...
 Dazzling Flash           Conj/Hex       #.....       85%         3    ####...
 Ozocubu's Armour         Chrm/Ice       #.......     85%         3    ####...
 Spectral Weapon          Hex/Chrm       #.......     85%         3    ####...
 Spider Form              Tmut/Pois      #.........   85%         3    ####...
 Stone Arrow              Conj/Erth      #.....       85%         3    ####...
 Tukima's Dance           Hex            #.......     85%         3    ####...
 Ice Form                 Ice/Tmut       #.......     99%         4    #####..
 Blade Hands              Tmut           #.........   100%        5    ######.
 Simulacrum               Ice/Necr       #.........   100%        6    #######


Dungeon Overview and Level Annotations

Branches:
Dungeon (11/15)            Temple (0/1) D:6            Lair (0/6) D:10
    Orc (0/2) D:11          Sewer (visited)

Shops:
D:6 *   D:9 %

Annotations:
D:11 Sonja


Innate Abilities, Weirdness & Mutations

You have an increased reservoir of magic. (+10% MP)
You are partially covered in rugged brown scales. (AC +1, +3% HP)
[You tend to lose your temper in combat.]
[You do not regenerate when monsters are visible.]


Message History

You continue putting on your swamp dragon scales.
The insubstantial wisp closely misses you.
You continue putting on your swamp dragon scales.
The insubstantial wisp blinks!
You finish putting on your +0 swamp dragon scales.
Unknown command.
Unknown command.
An insubstantial wisp comes into view.
The insubstantial wisp blinks!
The insubstantial wisp gives a chilling moan.
The insubstantial wisp thrums sharply.
You are struck by an arc of lightning!
The lightning grounds out.
The insubstantial wisp blinks!
A wretched star comes into view.
The wretched star glows turbulently.
The lance of force hits you!!
* * * LOW HITPOINT WARNING * * *
You are knocked back by the lance of force.
You slam into the metal wall!
You die...

# ###...##. # ..
#.#..v.# #
#...#.## . #
####...### # .
#..#..#.## #. #
.#.#...v#.### #..#
.#
#.#.#.......##*.#
#.
#...##.#...#..#..#
#... .
.#####@....# .
.#......##..#....#
.# ..##.#.# #u##.
.#.# # .......# ##
.# .. . .#.... .
#. #. # #.##..# .#
. . . . . .# . . .


You could see a white very ugly thing, a wretched star and an insubstantial
wisp.

Vanquished Creatures
  A two-headed ogre (D:11)
  A wretched star (Abyss:1)
  2 ugly things (D:11)
  2 large abominations (Abyss:1)
  Maggie (D:7)
  3 slime creatures (D:7)
  An ettin zombie (Abyss:1)
  3 hippogriffs
  A spriggan (D:8)
  A fire bat (Abyss:1)
  6 yaks (D:9)
  2 hungry ghosts
  A neqoxec (Abyss:1)
  Menkaure (D:7)
  A water moccasin (D:5)
  A porcupine (D:10)
  A small abomination (Abyss:1)
  A black bear (D:10)
  2 ice beasts (D:9)
  7 sky beasts
  2 orc warriors
  8 ogres
  3 centaurs
  A crocodile (D:9)
  4 big kobolds
  6 bullfrogs
  3 scorpions
  4 killer bees (D:10)
  3 howler monkeys
  An electric eel (D:8)
  A bullfrog zombie (D:6)
  5 crimson imps
  9 jellies
  An orc priest (D:5)
  A bullfrog skeleton (D:11)
  3 hounds
  2 centaur skeletons
  3 iguanas
  8 orc wizards
  3 worker ants
  14 adders
  3 river rats (D:6)
  4 shadow imps
  3 oozes (D:7)
  8 worms
  2 dart slugs
  6 leopard geckos
  27 orcs
  3 bats
  2 giant cockroaches
  6 goblins
  4 hobgoblins
  8 jackals
  14 kobolds
  6 quokkas
  4 frilled lizards
  A jackal skeleton (D:5)
  A quokka zombie (D:5)
  15 rats
241 creatures vanquished.

Vanquished Creatures (others)
  A kobold (D:8)
  11 fungi
  2 plants (D:10)
  6 toadstools (D:7)
20 creatures vanquished.

Grand Total: 261 creatures vanquished

Notes
Turn   | Place    | Note
-------+----------+-------------------------------------------
     0 | D:1      | Johnny the Demigod Gladiator began the quest for the Orb.
     0 | D:1      | Reached XP level 1. HP: 17/17 MP: 3/3
   165 | D:1      | Reached skill level 3 in Polearms
   221 | D:1      | Reached XP level 2. HP: 24/24 MP: 4/4
   744 | D:2      | Reached XP level 3. HP: 28/30 MP: 5/5
  1003 | D:2      | Found a shadowy altar of Dithmenos.
  1221 | D:3      | Reached skill level 4 in Polearms
  1369 | D:3      | Reached XP level 4. HP: 37/37 MP: 6/6
  1796 | D:4      | Noticed a sky beast
  1820 | D:4      | Killed a sky beast
  1820 | D:4      | Reached skill level 5 in Polearms
  1820 | D:4      | Reached XP level 5. HP: 37/45 MP: 7/7
  1970 | D:4      | Reached XP level 6. HP: 52/52 MP: 8/8
  2283 | D:4      | Reached skill level 6 in Polearms
  2674 | D:5      | Entered Level 5 of the Dungeon
  2771 | D:5      | Reached XP level 7. HP: 51/60 MP: 9/9
  2993 | D:5      | Reached skill level 7 in Polearms
  3043 | D:5      | Found a sparkling altar of Nemelex Xobeh.
  3153 | D:5      | Reached skill level 5 in Fighting
  3511 | D:6      | Reached XP level 8. HP: 69/69 MP: 10/10
  3576 | D:6      | Reached skill level 8 in Polearms
  3625 | D:6      | Found a staircase to the Ecumenical Temple.
  3939 | D:6      | Found a glowing drain.
  3944 | Sewer    | Entered a sewer
  4064 | Sewer    | Found a glowing silver altar of Zin.
  4188 | D:6      | Found Pulyag's General Store.
  4292 | D:6      | Reached skill level 9 in Polearms
  4481 | D:7      | Noticed Menkaure
  4488 | D:7      | You fall into a shaft and drop 3 floors!
  4488 | D:10     | Entered Level 10 of the Dungeon
  4662 | D:9      | Found Sush's Food Boutique.
  4900 | D:9      | Reached XP level 9. HP: 50/78 MP: 11/11
  4931 | D:9      | Reached skill level 10 in Polearms
  5200 | D:9      | Reached skill level 11 in Polearms
  5450 | D:9      | Noticed a two-headed ogre
  5674 | D:7      | Killed Menkaure
  5763 | D:7      | Noticed Maggie
  5777 | D:7      | Killed Maggie
  6014 | D:7      | Reached XP level 10. HP: 78/88 MP: 13/13
  6892 | D:8      | Reached skill level 12 in Polearms
  7639 | D:10     | Found a staircase to the Lair.
  8117 | D:11     | Noticed a two-headed ogre
  8124 | D:11     | Killed a two-headed ogre
  8136 | D:11     | Found a staircase to the Orcish Mines.
  8458 | D:11     | Noticed a white ugly thing
  8458 | D:11     | Noticed a brown ugly thing
  8491 | D:11     | Killed a green ugly thing
  8511 | D:11     | Killed a brown ugly thing
  8511 | D:11     | Reached skill level 13 in Polearms
  8621 | D:11     | Reached XP level 11. HP: 97/97 MP: 14/14
  8624 | D:11     | Identified Laxigesy's Disquisition on Ghastly Earth
  8651 | D:11     | Noticed Sonja
  8658 | D:11     | Cast into level 1 of the Abyss (Sonja)
  8695 | Abyss:1  | Noticed a purple very ugly thing
  8838 | Abyss:1  | Noticed a wretched star
  8864 | Abyss:1  | HP: 7/148 [wretched star/lance of force (13)]
  8867 | Abyss:1  | Killed a wretched star
  8965 | Abyss:1  | Noticed a purple very ugly thing
  8994 | Abyss:1  | Noticed a starcursed mass
  9098 | Abyss:1  | Noticed a purple very ugly thing
  9121 | Abyss:1  | Gained mutation: You are partially covered in rugged brown
                  | scales. (AC +1, +3% HP) [a neqoxec]
  9143 | Abyss:1  | Noticed a white very ugly thing
  9154 | Abyss:1  | Noticed a blizzard demon
  9195 | Abyss:1  | Noticed a wretched star
  9195 | Abyss:1  | HP: 2/101 [wretched star/lance of force (33)]
  9195 | Abyss:1  | Collided with a metal wall

Illustrated notes

Levels and vault maps discovered:
D:1:      minmay_arrival_three_doors, layout_rooms,
          corexii_item_surrounded_by_moat
D:2:      layout_rooms, nicolae_dithmenos_through_a_glass_darkly
D:3:      layout_rooms
D:4:      layout_basic, first_ration, hangedman_minor_gate_pass
D:5:      layout_loops_ring, grunt_ministairs_14, nemelex_spade_bored_becter
D:6:      layout_rooms, minmay_temple_entry_wispy, serial_shops,
          nicolae_shop_stone, lightli_sewer_entry_pipes
D:7:      cheibrodos_fertilizer, layout_basic, nicolae_overflow_hidden_temple,
          uniq_menkaure, uniq_maggie
D:8:      layout_rooms, the_bakery, minivault_14
D:9:      layout_small_grid, serial_shops, nicolae_shop_trees,
          minmay_misc_feat_hallway
D:10:     layout_basic, grunt_lair_entry_orc_guard_hut
D:11:     layout_irregular_city, orc_0_dummy, uniq_sonja
Abyss:1:  base: D:3, evilmike_abyss_exit_chaos

Skill      XL: |  1  2  3  4  5  6  7  8  9 10 |
---------------+-------------------------------+-----
Fighting       | 2 3 4 5 6 8 9 |  9.8
Polearms       | 3 4 5 6 7 9 11 13 | 13.4
Throwing       | |  1.7
Dodging        | |  2.6

Action                   |  1- 3 |  4- 6 |  7- 9 | 10-12 || total
-------------------------+-------+-------+-------+-------++-------
Melee: Trident           |   145 |   228 |   642 |   393 ||  1408
Throw: Throwing net      |       |       |       |     4 ||     4
Evoke: Wand              |       |       |     6 |     3 ||     9
  Use: Scroll            |     5 |     5 |     9 |     3 ||    22
       Potion            |       |       |     3 |     2 ||     5
 Stab: Sleeping          |     2 |     1 |       |     1 ||     4
       Invisible         |       |       |    10 |       ||    10
       Held in net/web   |       |       |       |     3 ||     3
  Eat: Chunk             |     2 |     4 |    15 |    10 ||    31
       Ration            |       |       |       |     4 ||     4
Armor: Leather armour    |    54 |    69 |       |       ||   123
       Chain mail        |       |    11 |   308 |       ||   319
       Steam dragon scal |       |       |    12 |    97 ||   109
Dodge: Dodged            |    69 |   126 |   254 |   126 ||   575
